cohdb
Replays
Latest Replays
All Replays
Popular Replays
Top Player Replays
Match Explorer
How It Works
Community
CoH3 Stats
Reddit
Sign in to upload your games and track your stats! →
Sign in with Steam
Match 38048781
Unlisted
Match 38048781
Overview
Messages
Build Orders
End
Panzergrenadier Squad
250 Light Carrier
Panzergrenadier Squad
Selects Battlefield Espionage Battlegroup
Selects Sector Subterfuge Beacon
Panzergrenadier Squad
Selects 250/3 Funkpanzerwagen
Construct Light Support Kompanie
Fire Support Elements
Flakvierling Half-track
2.5-tonne Medical Truck
Panzergrenadier Squad
Pak 38 Mechanized Group
Selects Advanced Ambush Training
Selects Plunder
Construct Panzerarmee Kommand
MG34 Team
Panzerpioneer Squad
Construct Panzerarmee Kommand
Panzer III L Medium Tank
Haxses
Starsilver
sharpshooter
A tank
0
0
Comments
sign in to comment!
No comments posted yet!